 Dungeon Crawl Stone Soup version 0.27-a0-1555-g0e7b3fb1d2 (webtiles) character file.

Game seed: 12905428541136047154

72 blackman the Firebug (level 4, 0/32 HPs)
             Began as a Human Wanderer on July 14, 2021.
             Was a Follower of Elyvilon (penitent).
             Slain by Terence (6 damage)
             ... on level 3 of the Dungeon.
             The game lasted 00:13:36 (6647 turns).

blackman the Firebug (Human Wanderer)               Turns: 6647, Time: 00:13:37

Health: 0/32       AC:  2    Str: 13    XL:     4   Next: 48%
Magic:  3/5        EV: 12    Int: 12    God:    Elyvilon [*]
Gold:   22         SH:  0    Dex: 13    Spells: 4/5 levels left

rFire    . . .     SeeInvis .   j - +1 short sword (venom)
rCold    . . .     Faith    .   (no shield)
rNeg     . . .     Spirit   .   c - +0 robe
rPois    .         Reflect  .   (no helmet)
rElec    .         Harm     .   (no cloak)
rCorr    .         Rampage  .   (no gloves)
Will     .....                  (no boots)
Stlth    ++........             (no amulet)
HPRegen  0.10/turn              d - ring of willpower
MPRegen  0.09/turn              (no ring)

@: weak-willed
A: no striking features
a: Renounce Religion


You were on level 3 of the Dungeon.
You worshipped Elyvilon.
Elyvilon was demanding penance.
You visited 1 branch of the dungeon, and saw 3 of its levels.

You collected 22 gold pieces.

Inventory:

Hand Weapons
 a - a +2 dagger
 j - a +1 short sword of venom (weapon)
 l - a +2 dagger of venom
Missiles
 b - 3 curare-tipped darts (quivered)
 f - 6 boomerangs
 m - 8 poisoned darts
Armour
 c - a +0 robe (worn)
Jewellery
 d - a ring of willpower (left hand)
Scrolls
 e - a scroll of vulnerability
 g - a scroll of teleportation {unknown}
 i - a scroll of identify
Potions
 h - 2 potions of attraction {unknown}
 k - a potion of ambrosia {unknown}


   Skills:
 - Level 1.0 Fighting
 - Level 1.6 Long Blades
 - Level 1.0 Staves
 - Level 1.0 Throwing
 - Level 3.0 Dodging
 - Level 1.0 Stealth
 - Level 1.0 Spellcasting
 - Level 1.0 Necromancy
 - Level 1.0 Translocations
 * Level 3.1 Fire Magic


You had 4 spell levels left.
You knew the following spells:

 Your Spells              Type           Power      Damage    Failure   Level
a - Foxfire               Conj/Fire      16%        2x1d4     16%         1

Your spell library contained the following spells:

 Spells                   Type           Power      Damage    Failure   Level
 Shock                    Conj/Air       0%         1d3       30%         1
 Conjure Flame            Conj/Fire      4%         6-21      43%         3
 Ignite Poison            Fire/Tmut/Pois 3%         N/A       52%         3
 Sticky Flame             Conj/Fire      4%         2d3       83%         4


Dungeon Overview and Level Annotations

Branches:
Dungeon (3/15)

Altars:
Elyvilon

Annotations:
D:2 1 runed translucent door, Crazy Yiuf, Sigmund
D:3 Terence


Message History

Terence is nearby!
Terence is nearby!
Terence is nearby!
The kobold shouts!
There is a stone staircase leading up here.
A kobold is nearby!
A kobold is nearby!
The kobold misses you.
You completely miss the kobold. The kobold closely misses you.
You hit the kobold.
You kill the kobold!
You see here a +0 club.
You start resting.
Terence is nearby!
As you read the scroll labelled RURGHO NOEG, it crumbles to dust.
Terence shouts!
Magic quickly surges around you.
It was a scroll of vulnerability.
As you read the scroll labelled VUERGHI KEREORGH, it crumbles to dust.
It is a scroll of identify.
n - a scroll of torment Terence hits you with a +4 falchion.
As you read the scroll of torment, it crumbles to dust.
Your body is wracked with pain!
* * * LOW HITPOINT WARNING * * *
Terence convulses!
You feel extremely guilty.
You can no longer heal and attempt to pacify others. "You will pay for your transgression, mortal!"
Terence closely misses you.
Casting: Foxfire (safe; 16% risk of failure)
Confirm with . or Enter, or press ? or * to list all spells.
You conjure some foxfire!
Terence hits you with a +4 falchion.
* * * LOW HITPOINT WARNING * * *
The foxfire hits Terence but does no damage.
Terence is heavily wounded.
The foxfire hits Terence but does no damage.
Terence is heavily wounded.
Casting: Foxfire (safe; 16% risk of failure)
Confirm with . or Enter, or press ? or * to list all spells.
You conjure some foxfire!
Terence hits you with a +4 falchion.
You die...

.... #.<..#<..#
####
#######.#..#...#
...............#
#######.###......
#####)###...####
#...)..##...#
#......###....
#..v@..# #>...
#...@..# #....v.#
#......# #......#
#......# #......#
.......#
.########


You could see Terence (weak-willed, ally target).

Vanquished Creatures
  An adder (D:2)
  A worm (D:2)
  A dart slug (D:1)
  4 orcs (D:3)
  2 endoplasms (D:2)
  9 goblins
  3 hobgoblins
  5 jackals (D:1)
  6 quokkas (D:1)
  4 ball pythons (D:1)
  4 bats (D:1)
  5 kobolds
  7 rats
52 creatures vanquished.

Vanquished Creatures (others)
  93 foxfires
93 creatures vanquished.

Grand Total: 145 creatures vanquished

Notes
Turn   | Place    | Note
-------+----------+-------------------------------------------
     0 | D:1      | blackman the Human Wanderer began the quest for the Orb.
     0 | D:1      | blackman set off with the following items: a +2 dagger, 3
                  | curare-tipped darts, a +0 robe; and the following spells
                  | available to memorise: Foxfire, Shock, Conjure Flame
     0 | D:1      | Reached XP level 1. HP: 15/15 MP: 2/2
    39 | D:1      | Reached skill level 1 in Long Blades
    54 | D:1      | Reached XP level 2. HP: 7/21 MP: 3/3
   580 | D:1      | Learned a level 1 spell: Foxfire
   774 | D:1      | Found a faded altar of an unknown god.
  1108 | D:1      | Became a worshipper of Elyvilon the Healer
  1108 | D:1      | Reached * piety under Elyvilon
  1420 | D:1      | Reached skill level 1 in Fire Magic
  1737 | D:1      | Reached XP level 3. HP: 26/26 MP: 0/4
  4815 | D:2      | Noticed Sigmund
  4880 | D:3      | Noticed Terence
  5055 | D:2      | Reached ** piety under Elyvilon
  5118 | D:2      | Reached XP level 4. HP: 32/32 MP: 5/5
  5871 | D:2      | Found a runed translucent door.
  5872 | D:2      | Noticed Crazy Yiuf
  6642 | D:3      | Was placed under penance by Elyvilon
  6647 | D:3      | Slain by Terence

Illustrated notes

Levels and vault maps discovered:
D:1:      lightli_arrival_chessboard, layout_loops_ring,
          ebering_ecumenical_altar_box, amcnicky_mini_rare_corridor_liquid
D:2:      layout_loops_ring, dk_noncrumbling_3, grunt_ministairs_2,
          grunt_decor_clamped, uniq_crazy_yiuf_cottage, uniq_sigmund,
          uniq_natasha
D:3:      layout_basic, minmay_misc_feat_more_columns, uniq_terence

Skill      XL: |  1  2  3  4 |
---------------+-------------+-----
Long Blades    | 1 |  1.6
Fire Magic     | 1 2 3 |  3.1
Fighting       | |  1.0
Staves         | |  1.0
Throwing       | |  1.0
Dodging        | |  3.0
Stealth        | |  1.0
Spellcasting   | |  1.0
Necromancy     | |  1.0
Translocations | |  1.0

Action                   |  1- 3 |  4- 6 || total
-------------------------+-------+-------++-------
Melee: Dagger            |    65 |       ||    65
       Short sword       |     5 |    17 ||    22
 Cast: Foxfire           |    43 |    18 ||    61
  Use: Scroll            |       |     3 ||     3
 Stab: Sleeping          |     2 |       ||     2
Armor: Robe              |    14 |    11 ||    25
Dodge: Dodged            |    70 |    28 ||    98

Table legend: (Time is in decaauts)
 A = Elapsed time spent in this place.
 B = Non-inter-level travel time spent in this place.
 C = Inter-level travel time spent in this place.
 D = Time resting spent in this place.
 E = Time spent auto-exploring this place.
 F = Levels seen in this place.
 G = Mean time per level.
                   A        B        C        D        E       F      G
               +--------+--------+--------+--------+--------+-----+--------+
         Total |   6645 |   6406 |    239 |   5086 |    646 |   3 | 2215.0 |
       Dungeon |   6645 |   6406 |    239 |   5086 |    646 |   3 | 2215.0 |
               +--------+--------+--------+--------+--------+-----+--------+

Top non-repeatable levels by time:
     D:1: 4074 daAuts
     D:2: 2099 daAuts
     D:3: 471 daAuts
